Description

Pv P maxpax

Build Order

Get SALT Encoding   

  14  0:19  Pylon  
  16  0:38  Gateway  
  17  0:47  Assimilator  
  20  1:15  Assimilator  
  20  1:17  Pylon  
  21  1:25  Cybernetics Core  
  23  1:32  Zealot  
  26  2:02  Stargate  
  26  2:03  Adept  
  28  2:24  Nexus  
  28  2:33  Pylon  
  32  2:50  Oracle  
  34  3:13  Assimilator  
  36  3:17  Phoenix  
  37  3:26  Shield Battery  
  38  3:35  Phoenix  
  39  3:48  Stargate  
  42  4:07  Pylon  
  45  4:16  Phoenix  
  49  4:31  Phoenix  
  54  4:49  Assimilator  
  56  4:53  Phoenix  
  57  4:54  Phoenix  
Spawning Tool Build Advisor. Get it on Overwolf

Go to:

Details

  • Created by: Azzran
  • Published on: May 31, 2023
  • Modified on: May 31, 2023
  • Patch: 5.0.11
  • Difficulty: Medium
Show
View Real Time Build Order
Export as new Build Order

Comments (0)

There are no comments. Be the first!

Create an account to comment!